 Dungeon Crawl Stone Soup version 0.16.2-12-gd0ad4c3 (webtiles) character file.

5140 faibistes the Thaumaturge (level 10, -6/59 HPs)
             Began as a Deep Elf Wizard on Mar 24, 2018.
             Was a Believer of Sif Muna.
             Shot with a sling bullet by Joseph (18 damage)
             ... on level 9 of the Dungeon.
             The game lasted 00:39:33 (14384 turns).

faibistes the Thaumaturge (Deep Elf Wizard)        Turns: 14384, Time: 00:39:34

Health: -6/59      AC:  2    Str:  4    XL:     10   Next: 33%
Magic:  7/32       EV: 16    Int: 27    God:    Sif Muna [**....]
Gold:   510        SH:  0    Dex: 13    Spells: 6 memorised, 19 levels left

rFire  + . .     SeeInvis +     w - +2 short sword (venom)
rCold  + . .     Clarity  +     E - +0 robe {rC+}
rNeg   . . .     SustAb   .     (no shield)
rPois  .         Gourm    .     b - +0 hat
rElec  .         Spirit   .     (no cloak)
rCorr  .         Warding  .     (no gloves)
rMut   .         Stasis   .     (no boots)
MR     +....                    p - amulet of clarity
Stlth  ++........               y - ring of protection from fire
                                l - ring of see invisible

@: repel missiles, somewhat resistant to hostile enchantments, unstealthy
A: no striking features
a: Channel Energy, Forget Spell, Renounce Religion


You were on level 9 of the Dungeon.
You worshipped Sif Muna.
Sif Muna was pleased with you.
You were not hungry.

You visited 2 branches of the dungeon, and saw 11 of its levels.

You collected 510 gold pieces.

Inventory:

Hand weapons
 h - a +0 dagger
 w - a +2 short sword of venom (weapon)
 W - a +2 trident of freezing
Armour
 a - a +0 robe
 b - a +0 hat (worn)
 E - a +0 robe of cold resistance (worn)
Jewellery
 l - a ring of see invisible (left hand)
 p - an amulet of clarity (around neck)
 y - a ring of protection from fire (right hand)
Magical devices
 n - a wand of teleportation (0)
 I - a wand of draining (6)
 O - a wand of frost (14)
Scrolls
 g - a scroll of immolation {unknown}
 j - 4 scrolls of remove curse
 o - a scroll of blinking {unknown}
 r - 2 scrolls of amnesia
 x - a scroll of teleportation
 F - a scroll of recharging {unknown}
 L - a scroll of summoning {unknown}
Potions
 f - a potion of cure mutation
 i - a potion of agility
 m - a potion of heal wounds
 s - 2 potions of ambrosia
 u - a potion of flight
 v - 3 potions of curing
 B - a potion of poison {unknown}
 C - a potion of berserk rage {unknown}
 G - a potion of haste
 H - a potion of brilliance {unknown}
 M - a potion of cancellation {unknown}
 N - a potion of magic {unknown}
Books
 c - a book of Minor Magic

   Spells                             Type                      Level
   a - Magic Dart                     Conjuration                  1
   b - Blink                          Translocation                2
   c - Call Imp                       Summoning                    2
   d - Repel Missiles                 Charms/Air                   2
   e - Slow                           Hexes                        2
   f - Conjure Flame                  Conjuration/Fire             3
   g - Mephitic Cloud                 Conjuration/Poison/Air       3
 t - a book of Party Tricks

   Spells                             Type                      Level
   a - Summon Butterflies             Summoning                    1
   b - Apportation                    Translocation                1
   c - Tukima's Dance                 Hexes                        3
   d - Alistair's Intoxication        Transmutation/Poison         4
   e - Invisibility                   Hexes                        6
Comestibles
 d - 10 bread rations
 q - a slice of pizza
 A - 2 meat rations
 J - a beef jerky


   Skills:
 - Level 5.1 Fighting
 + Level 7.5 Dodging
 - Level 2.4 Stealth
 * Level 11.9 Spellcasting
 * Level 5.2 Conjurations
 * Level 3.6 Summonings
 - Level 2.5 Translocations
 + Level 3.2 Fire Magic
 * Level 2.8 Air Magic
 + Level 2.1 Poison Magic
 - Level 5.2 Evocations


You had 19 spell levels left.
You knew the following spells:

 Your Spells              Type           Power        Failure   Level  Hunger
a - Magic Dart            Conj           ####         1%          1    None
b - Conjure Flame         Conj/Fire      #####...     1%          3    None
c - Call Imp              Summ           #####...     1%          2    None
d - Blink                 Tloc           N/A          1%          2    None
e - Mephitic Cloud        Conj/Pois/Air  ####....     2%          3    None
f - Repel Missiles        Chrm/Air       ###...       3%          2    None


Dungeon Overview and Level Annotations

Branches:
Dungeon (10/15)            Temple (1/1) D:6
   Lair: D:8-11         Orc: D:9-12

Altars:
Ashenzari
Cheibriados
Dithmenos
Elyvilon
Fedhas
Gozag
Kikubaaqudgha
Makhleb
Nemelex Xobeh
Okawaru
Qazlal
Ru
Sif Muna
Trog
Vehumet
Xom
Yredelemnul
Zin
The Shining One

Annotations:
D:2 Sigmund
D:5 1 runed door
D:9 Eustachio, Joseph


Message History

Joseph says, "You must be punished!
Or...
I want to punish you!"
Joseph shoots a sling bullet.
The sling bullet completely misses you.
Casting: Mephitic Cloud
Confirm with . or Enter, or press ? or * to list all spells.
Aiming: Mephitic Cloud
Press: ? - help, Shift-Dir - straight line, f - Joseph
Aim: Joseph, wielding a hunting sling and wearing a dyed leather armour (moderately wounded, unusually resistant)
The ball explodes into a vile cloud!
The stinking cloud engulfs Joseph.
Joseph is moderately wounded.
Joseph shoots a sling bullet.
The sling bullet hits you!
* * * LOW HITPOINT WARNING * * *
Unknown command.
Drink which item? (? for menu, Esc to quit)
You feel better.
Joseph shoots a sling bullet.
The sling bullet misses you.
Casting: Mephitic Cloud
Confirm with . or Enter, or press ? or * to list all spells.
Aiming: Conjure Flame
Press: ? - help, Dir - move target cursor, p - Joseph The fire roars!
Joseph shoots a sling bullet.
The sling bullet hits you!!
You die... .Yo. ############# YYY ##.....##.....
OS.

##........^.... . #g.
#.............. ... #.#
###.............. .... #.#
#................
......##†######................
#.......†o§@§......(..........
#######.#####@....)...........
#.# ##..#............. ..#
#.........##..... ....
##...#....######## .........
#..#......##
.........###.#........## ...
........##......<.....# ...
#......)#.............#
....##.....................#


You could see Joseph and an orc.

Vanquished Creatures
  The ghost of faibistes the Thaumaturge, an experienced DEWz of Sif Muna (D:6)
  A two-headed ogre (D:9)
  A troll (D:9)
  2 yaks (D:9)
  A hippogriff (D:7)
  Grum (D:9)
  4 orc warriors
  3 wolves (D:9)
  2 ice beasts
  2 necrophages
  3 sky beasts
  4 centaurs
  A black bear (D:8)
  4 phantoms
  2 ogres
  A big kobold (D:8)
  3 giant frogs
  A wyvern zombie (D:9)
  A wyvern skeleton (D:6)
  4 killer bees (D:9)
  5 wights (D:6)
  A quasit (D:5)
  2 scorpions
  3 crimson imps (D:9)
  A goliath beetle (D:6)
  A giant frog zombie (D:5)
  2 hounds
  3 jellies
  A giant frog skeleton (D:4)
  A gnoll shaman (D:9)
  4 orc priests
  4 worker ants
  A human skeleton (D:5)
  9 orc wizards
  3 iguanas
  A centaur skeleton (D:6)
  Ijyb (D:5)
  A hound zombie (D:7)
  Terence (D:2)
  14 adders
  5 gnolls (D:9)
  2 shadow imps (D:6)
  2 worms
  An adder zombie (D:6)
  9 giant geckos
  43 orcs
  18 bats
  A bat skeleton (D:4)
  5 giant cockroaches
  11 goblins
  19 hobgoblins
  2 jackals (D:6)
  21 kobolds
  7 quokkas
  A ball python (D:2)
  A giant gecko zombie (D:9)
  8 giant newts
  10 rats
  2 ballistomycetes (D:6)
  A fungus (D:1)
270 creatures vanquished.

Vanquished Creatures (collateral kills)
  A hobgoblin (D:7)
1 creature vanquished.

Vanquished Creatures (others)
  A shadow imp (D:6)
  An orc (D:9)
  A giant spore (D:6)
3 creatures vanquished.

Grand Total: 274 creatures vanquished

Notes
Turn   | Place    | Note
--------------------------------------------------------------
     0 | D:1      | faibistes, the Deep Elf Wizard, began the quest for the Orb.
     0 | D:1      | Reached XP level 1. HP: 10/10 MP: 6/6
   355 | D:2      | Noticed Sigmund
   535 | D:1      | Found a shattered altar of Ashenzari.
   551 | D:1      | Reached XP level 2. HP: 15/15 MP: 8/10
   555 | D:1      | Learned a level 2 spell: Blink
   558 | D:1      | Learned a level 2 spell: Call Imp
  1060 | D:2      | Reached skill level 5 in Spellcasting
  1238 | D:1      | Reached XP level 3. HP: 16/19 MP: 10/14
  1246 | D:1      | Learned a level 3 spell: Conjure Flame
  1250 | D:1      | Learned a level 3 spell: Mephitic Cloud
  2115 | D:2      | Learned a level 2 spell: Repel Missiles
  2177 | D:2      | Noticed Terence
  2178 | D:2      | Reached XP level 4. HP: 24/24 MP: 13/17
  2218 | D:2      | Killed Terence
  2446 | D:2      | Found a snail-covered altar of Cheibriados.
  2541 | D:4      | Reached skill level 6 in Spellcasting
  2547 | D:4      | Reached XP level 5. HP: 16/28 MP: 1/20
  3094 | D:5      | Entered Level 5 of the Dungeon
  3345 | D:3      | Found an iron altar of Okawaru.
  3958 | D:3      | Found a blossoming altar of Fedhas.
  3958 | D:3      | Found a shimmering altar of Xom.
  4049 | D:4      | Noticed a phantom
  4062 | D:4      | Killed a phantom
  4062 | D:4      | Reached XP level 6. HP: 16/32 MP: 9/22
  4522 | D:4      | Reached skill level 7 in Spellcasting
  5160 | D:4      | Noticed a sky beast
  5180 | D:4      | Killed a sky beast
  5180 | D:4      | Reached skill level 1 in Fighting
  5180 | D:4      | Reached skill level 1 in Evocations
  5207 | D:4      | Reached XP level 7. HP: 38/38 MP: 7/25
  5717 | D:5      | Noticed a phantom
  5739 | D:5      | Killed a phantom
  6042 | D:5      | Noticed a centaur
  6068 | D:5      | Killed a centaur
  6068 | D:5      | Reached skill level 5 in Dodging
  6068 | D:5      | Reached skill level 8 in Spellcasting
  6442 | D:5      | Found a runed door.
  6442 | D:5      | Noticed a human
  6446 | D:5      | Found a basalt altar of Yredelemnul.
  6555 | D:5      | Reached XP level 8. HP: 45/45 MP: 10/27
  7084 | D:5      | Noticed Ijyb
  7091 | D:5      | Killed Ijyb
  7124 | D:5      | Noticed a centaur
  7139 | D:5      | Killed a centaur
  7139 | D:5      | Reached skill level 9 in Spellcasting
  7439 | D:6      | Found a bloodstained altar of Trog.
  9205 | D:6      | Noticed faibistes' ghost (experienced DEWz)
  9398 | D:6      | Reached skill level 10 in Spellcasting
  9553 | D:6      | Killed faibistes' ghost
  9553 | D:6      | Reached XP level 9. HP: 31/52 MP: 21/30
 10246 | D:6      | Reached skill level 5 in Evocations
 10572 | D:7      | Reached skill level 5 in Fighting
 10681 | D:6      | Found an ancient bone altar of Kikubaaqudgha.
 10797 | D:6      | Found a staircase to the Ecumenical Temple.
 10803 | Temple   | Entered the Ecumenical Temple
 10860 | Temple   | Became a worshipper of Sif Muna the Loreminder
 10915 | D:6      | Found a glowing silver altar of Zin.
 11290 | D:8      | Reached skill level 11 in Spellcasting
 11313 | D:8      | Reached skill level 1 in Fire Magic
 11313 | D:8      | Reached skill level 1 in Air Magic
 11419 | D:8      | Found a radiant altar of Vehumet.
 12224 | D:8      | Acquired Sif Muna's first power
 12592 | D:8      | Reached skill level 1 in Poison Magic
 12951 | D:10     | Entered Level 10 of the Dungeon
 13742 | D:8      | Reached XP level 10. HP: 59/59 MP: 18/32
 14231 | D:9      | Noticed Grum
 14234 | D:9      | Noticed Eustachio
 14264 | D:9      | Killed Grum
 14308 | D:9      | Reached skill level 5 in Conjurations
 14311 | D:9      | Acquired Sif Muna's second power
 14364 | D:9      | Noticed Joseph
 14381 | D:9      | HP: 2/59 [Joseph/sling bullet (17)]
 14384 | D:9      | Shot with a sling bullet by Joseph

Action                   |  1- 3 |  4- 6 |  7- 9 | 10-12 || total
-------------------------+-------+-------+-------+-------++-------
Melee: Dagger            |    23 |    14 |    10 |       ||    47
       Short sword       |       |       |    82 |    41 ||   123
 Cast: Magic Dart        |   103 |   154 |   503 |    36 ||   796
       Repel Missiles    |     1 |       |     4 |       ||     5
       Mephitic Cloud    |       |     8 |    31 |    23 ||    62
       Conjure Flame     |       |     5 |    33 |    13 ||    51
       Blink             |       |       |     9 |       ||     9
       Call Imp          |       |       |     2 |       ||     2
Invok: Channel Energy    |       |       |       |    18 ||    18
Evoke: Wand              |       |       |     1 |       ||     1
  Use: Scroll            |       |     2 |     6 |     4 ||    12
       Potion            |       |       |     1 |     2 ||     3
 Stab: Confused          |       |       |     6 |     2 ||     8
  Eat: Chunk             |     4 |     9 |    23 |     2 ||    38
       Fruit             |       |       |     2 |     1 ||     3
       Royal jelly       |       |       |       |     2 ||     2
